 Dungeon Crawl Stone Soup version 0.27-a0-789-g6bb3289e1e (webtiles) character file.

Game seed: 2040598762734870878

1785 robertstho the Magician (level 9, -9/60 HPs)
             Began as a Djinni Fire Elementalist on Mar 26, 2021.
             Was an Initiate of Gozag.
             Splashed by an acid dragon's acid (15 damage)
             ... on level 7 of the Dungeon.
             The game lasted 00:12:53 (8707 turns).

robertstho the Magician (Djinni Fire Elementalist)  Turns: 8707, Time: 00:12:54

Health: -9/60      AC: -1    Str:  7    XL:     9   Next: 8%
Gold:   412        EV: 14    Int: 19    God:    Gozag SH:  0 Dex: 15

rFire    + + +     SeeInvis .   l - +1 trident (venom)
rCold    . . .     Faith    .   (no shield)
rNeg     . . .     Spirit   .   o - +0 robe {rC+ rF+}
rPois    ∞         Reflect  .   (no helmet)
rElec    .         Harm     .   m - scarf {+Inv}
rCorr    .         Rampage  .   n - +0 pair of gloves
Will     .....                  (boots unavailable)
Stlth    +++.......             (no amulet)
HPRegen  0.20/turn              h - ring of wizardry
MPRegen  0.00/turn              (no ring)

@: corroded, gold aura, flying
A: fire resistance 2, cold vulnerability 1, float, innate caster, hp casting,
extra vitality 1
a: Renounce Religion, Evoke Invisibility, Potion Petition, Call Merchant, Bribe
Branch


You were on level 7 of the Dungeon.
You worshipped Gozag.
Gozag was aware of your devotion.
You visited 2 branches of the dungeon, and saw 8 of its levels.
You also visited: Ossuary.

You collected 469 gold pieces.
You paid 57 gold pieces to Gozag.

Inventory:

Hand Weapons
 g - a +0 dagger
 l - a +1 trident of venom (weapon)
Armour
 m - a scarf of invisibility (worn)
 n - a +0 pair of gloves (worn)
 o - a +0 robe of resistance (worn)
 q - the +3 leather armour of the Shoals {rN+ Str+3}
   (You found it on level 5 of the Dungeon)

   It affects your strength (+3).
   It protects you from negative energy.
Jewellery
 h - a ring of wizardry (right hand)
Wands
 k - a wand of mindburst (13)
 s - a wand of iceblast (12)
Scrolls
 a - 3 scrolls of magic mapping
 b - a scroll of blinking {unknown}
 c - 2 scrolls of fog
 e - a scroll of fear
 f - 2 scrolls of enchant armour
 i - a scroll of silence {unknown}
 p - a scroll of teleportation
 r - a scroll of immolation {unknown}
 t - a scroll of acquirement {unknown}
Potions
 d - 2 potions of brilliance
 j - 3 potions of invisibility


   Skills:
 + Level 3.1 Fighting
 + Level 4.1 Polearms
 + Level 4.6 Dodging
 + Level 3.9 Stealth
 + Level 7.0 Spellcasting


You couldn't memorise any spells.
You knew the following spells:

 Your Spells              Type           Power      Damage    Failure   Level
a - Foxfire               Conj/Fire      100%       2x1d9     1%          1
b - Conjure Flame         Conj/Fire      33%        6-21      1%          3
c - Inner Flame           Hex/Fire       33%        N/A       1%          3
d - Sticky Flame          Conj/Fire      33%        2d5       2%          4
e - Fireball              Conj/Fire      16%        3d8       6%          5
f - Beastly Appendage     Tmut           66%        N/A       1%          1
g - Poisonous Vapours     Pois/Air       66%        N/A       1%          2
h - Corpse Rot            Necr/Air       N/A        N/A       1%          2
i - Confusing Touch       Hex            33%        N/A       1%          3
Your spell library was empty.

Dungeon Overview and Level Annotations

Branches:
Dungeon (7/15)             Temple (1/1) D:5         Ossuary (visited)

Altars:
Ashenzari
Cheibriados
Dithmenos
Elyvilon
Fedhas
Gozag
Hepliaklqana
Makhleb
Nemelex Xobeh
Okawaru
Ru
Sif Muna
Trog
Uskayaw
Vehumet
Wu Jian
Xom
Yredelemnul
Zin
The Shining One

Shops:
D:1 *   D:4 [


Innate Abilities, Weirdness & Mutations

You are immune to poison.
Your flesh is very heat resistant. (rF++)
You are vulnerable to cold. (rC-)
You float through the air rather than walking.
You learn spells naturally, not from books.
Your magical power is your life essence.
You have superior vitality. (+4 HP)


Message History

Casting: Fireball (dangerous; 6% risk of failure)
Confirm with . or Enter, or press ? or * to list all spells.
Aiming: Sticky Flame (dangerous; 2% risk of failure)
Press: ? - help, Shift-Dir - straight line, f - water moccasin
Aim: a water moccasin (wandering, hasn't noticed you, 0% to evade)
The sticky flame hits the water moccasin.
The water moccasin is lightly wounded.
The water moccasin is covered in liquid flames!
The water moccasin burns!
The water moccasin completely misses you.
You hit the water moccasin.
The water moccasin is heavily wounded.
The water moccasin burns! x2; The water moccasin misses you.
You closely miss the water moccasin.
The water moccasin is heavily wounded.
The acid dragon roars!
The water moccasin burns!
The water moccasin barely misses you. The water moccasin misses you.
Casting: Sticky Flame (dangerous; 2% risk of failure)
Confirm with . or Enter, or press ? or * to list all spells.
Aiming: Sticky Flame (dangerous; 2% risk of failure)
Press: ? - help, Shift-Dir - straight line, f - acid dragon, p - water moccasin
Aim: an acid dragon (0% to evade)
The sticky flame hits the acid dragon but does no damage.
The acid dragon is covered in liquid flames!
The acid dragon burns!
The water moccasin burns!
The water moccasin barely misses you. The acid dragon spits acid at you.
The splash of acid hits you.
You are splashed with acid!
* * * LOW HITPOINT WARNING * * *
The acid dragon burns!
The water moccasin burns!
You kill the water moccasin!
Your Spellcasting skill increases to level 7!
The acid dragon burns!
The acid dragon spits acid at you. The splash of acid hits you.
* * * LOW HITPOINT WARNING * * *
The acid corrodes you!
You are splashed with acid!
You die...
Your body crumbles into a pile of gold.

#.......#
#.......#
####...#
#......#
##$##..##
###.$.###... $
..#≈≈..D≈≈#####
#.#≈.r♣..≈##
#.....(@...##
#...♣._.♣...#
##..........#
##≈..♣..≈#.#
#≈≈...≈≈#.#
###...###.#
##.#.##.#
#######...##.#
#........).#.#


You could see an acid dragon (burning, catching breath) and a neutral quokka
(wandering).

Vanquished Creatures
  A steam dragon (D:6)
  A water moccasin (D:7)
  Duvessa (D:6)
  A sky beast (D:4)
  A necrophage (D:5)
  An ogre (D:5)
  An elf zombie (Ossuary)
  Dowan (D:6)
  A wyvern zombie (D:6)
  A water moccasin zombie (D:5)
  A water moccasin skeleton (D:6)
  4 scorpions
  2 bullfrog zombies
  A hound (D:6)
  3 centaur zombies
  A jelly (D:3)
  A human zombie (Ossuary)
  A bullfrog skeleton (D:5)
  2 iguanas
  5 orc wizards
  A killer bee zombie (D:7)
  A hound zombie (D:5)
  2 hound skeletons (D:4)
  A mummy (D:6)
  A howler monkey zombie (D:5)
  8 adders
  4 gnolls (D:4)
  A shadow imp (D:6)
  An ufetubus (D:6)
  An adder zombie (Ossuary)
  2 dart slugs
  7 orcs
  An endoplasm (D:3)
  5 giant cockroaches
  7 goblins
  6 hobgoblins
  3 jackals (D:1)
  4 quokkas
  6 ball pythons
  3 bats
  2 frilled lizards (D:3)
  5 goblin zombies
  2 jackal skeletons (D:4)
  A jackal zombie (Ossuary)
  4 kobolds
  A kobold zombie (D:6)
  6 rats
  A rat zombie (Ossuary)
118 creatures vanquished.

Vanquished Creatures (others)
  A kobold brigand (D:4)
  3 hounds (D:4)
  An orc (D:4)
  An endoplasm (D:4)
  A goblin (D:4)
  A hobgoblin (D:4)
  A kobold (D:4)
  264 foxfires
273 creatures vanquished.

Grand Total: 391 creatures vanquished

Notes
Turn   | Place    | Note
-------+----------+-------------------------------------------
     0 | D:1      | robertstho the Djinni Fire Elementalist began the quest for
                  | the Orb.
     0 | D:1      | Reached XP level 1. HP: 15/15 MP: 0/0
   269 | D:1      | Reached skill level 3 in Spellcasting
   269 | D:1      | Reached XP level 2. HP: 17/21 MP: 0/0
   512 | D:1      | Found Vyufi's Assorted Antiques.
  1218 | D:2      | Found an ornate altar of the Wu Jian Council.
  1259 | D:2      | Reached XP level 3. HP: 15/25 MP: 0/0
  1259 | D:2      | Learned a level 1 spell: Beastly Appendage
  1699 | D:2      | Found a snail-covered altar of Cheibriados.
  1896 | D:2      | Found a burning altar of Makhleb.
  2492 | D:3      | Reached skill level 4 in Spellcasting
  2492 | D:3      | Reached XP level 4. HP: 26/31 MP: 0/0
  2727 | D:3      | Reached XP level 5. HP: 27/35 MP: 0/0
  2727 | D:3      | Learned a level 2 spell: Poisonous Vapours
  3530 | D:4      | Killed a kobold brigand
  3674 | D:4      | Noticed a sky beast
  3957 | D:4      | Killed a sky beast
  3958 | D:4      | Reached XP level 6. HP: 23/40 MP: 0/0
  4183 | D:4      | Found a glowing golden altar of the Shining One.
  4279 | D:4      | Found a shimmering altar of Xom.
  4441 | D:4      | Reached skill level 5 in Spellcasting
  4578 | D:4      | Found Zoesheaxt's Antique Armour Shop.
  4944 | D:5      | Entered Level 5 of the Dungeon
  5563 | D:5      | Reached skill level 1 in Polearms
  5563 | D:5      | Reached XP level 7. HP: 35/46 MP: 0/0
  5563 | D:5      | Learned a level 2 spell: Corpse Rot
  5784 | D:5      | Reached skill level 1 in Fighting
  5856 | D:5      | Identified the +3 leather armour of the Shoals {rN+ Str+3}
  5884 | D:5      | Found a staircase to the Ecumenical Temple.
  5892 | Temple   | Entered the Ecumenical Temple
  6017 | Temple   | Became a worshipper of Gozag Ym Sagoz the Greedy
  6481 | D:5      | Reached XP level 8. HP: 42/52 MP: 0/0
  6629 | D:6      | Reached skill level 6 in Spellcasting
  6841 | D:6      | Found a blossoming altar of Fedhas.
  6842 | D:6      | Found a bloodstained altar of Trog.
  6843 | D:6      | Found a shimmering altar of Xom.
  6844 | D:6      | Found a broken altar of Ashenzari.
  6846 | D:6      | Found an iron altar of Okawaru.
  6846 | D:6      | Found a sparkling altar of Nemelex Xobeh.
  6857 | D:6      | Noticed Duvessa
  6861 | D:6      | Noticed Dowan
  6865 | D:6      | Killed Duvessa
  6870 | D:6      | Killed Dowan
  6885 | D:6      | HP: 1/55 [scorpion (6)]
  6950 | D:6      | Found a sand-covered staircase.
  6984 | Ossuary  | Entered an ossuary
  8665 | D:7      | Found a white marble altar of Elyvilon.
  8690 | D:7      | Reached XP level 9. HP: 40/59 MP: 0/0
  8690 | D:7      | Learned a level 3 spell: Confusing Touch
  8707 | D:7      | Reached skill level 7 in Spellcasting
  8707 | D:7      | Splashed by an acid dragon's acid

Illustrated notes

Levels and vault maps discovered:
D:1:      lightli_arrival_statue_moat, layout_rooms, serial_aquarium,
          aquarium_bridge_square [aquarium_subvault_wall,
          aquarium_subvault_bridge, aquarium_subvault_window,
          aquarium_subvault_bridge], aquarium_bridge_square
          [aquarium_subvault_balcony, aquarium_subvault_wall,
          aquarium_subvault_bridge, aquarium_subvault_window],
          aquarium_window_fake, aquarium_window_1, aquarium_window_1,
          aquarium_view_2b, aquarium_balcony_5a, aquarium_pool_split,
          serial_shops, shop_fountains, minmay_misc_feat_doors
D:2:      layout_loops_corners, lemuel_round_altar, lemuel_round_altar,
          lemuel_round_altar, chequers_serial_rivers_micro_d, hex_tiny,
          cheibriados_altar_1
D:3:      layout_basic
D:4:      wad_pebble_path, layout_basic, tso_metal_star, serial_shops, shop,
          xom_confusion_cloud
D:5:      layout_gridville, minmay_temple_entry_drinking_statues, minmay_between
D:6:      lemuel_ice_spiral_2, layout_rooms, grunt_temple_overflow_open,
          nicolae_ossuary_entry_giza, uniq_duvessa
D:7:      layout_loops_ring, elyvilon_altar_4, basic_altar
Temple:   minmay_temple_curvy_loop

Skill      XL: |  1  2  3  4  5  6  7  8  9 |
---------------+----------------------------+-----
Spellcasting   | 3 4 5 6 7 |  7.0
Stealth        | 2 3 |  3.9
Dodging        | 3 4 |  4.6
Polearms       | 1 2 4 |  4.1
Fighting       | 1 2 3 |  3.1

Action                   |  1- 3 |  4- 6 |  7- 9 || total
-------------------------+-------+-------+-------++-------
Melee: Trident           |       |    29 |    37 ||    66
 Cast: Foxfire           |    59 |    63 |    31 ||   153
       Sticky Flame      |       |     6 |    15 ||    21
       Poisonous Vapours |       |     1 |       ||     1
       Fireball          |       |     3 |    31 ||    34
  Use: Scroll            |     2 |     5 |     4 ||    11
       Potion            |       |     1 |     1 ||     2
 Stab: Sleeping          |       |     3 |       ||     3
Armor: Robe              |     4 |    10 |    20 ||    34
Dodge: Dodged            |     6 |    30 |    32 ||    68

Table legend: (Time is in decaauts)
 A = Elapsed time spent in this place.
 B = Non-inter-level travel time spent in this place.
 C = Inter-level travel time spent in this place.
 D = Time resting spent in this place.
 E = Time spent auto-exploring this place.
 F = Levels seen in this place.
 G = Mean time per level.
                   A        B        C        D        E       F      G
               +--------+--------+--------+--------+--------+-----+--------+
         Total |   8717 |   8446 |    271 |   1515 |   5965 |   9 |  968.6 |
       Dungeon |   8136 |   7927 |    209 |   1210 |   5861 |   7 | 1162.3 |
        Temple |    187 |    125 |     62 |      0 |     90 |   1 |  187.0 |
       Ossuary |    393 |    393 |      0 |    305 |     14 |   1 |  393.0 |
               +--------+--------+--------+--------+--------+-----+--------+

Top non-repeatable levels by time:
     D:6: 1637 daAuts
     D:5: 1479 daAuts
     D:4: 1471 daAuts
     D:2: 1258 daAuts
     D:1: 1214 daAuts
     D:3: 1001 daAuts
 Ossuary: 393 daAuts
  Temple: 187 daAuts
     D:7: 74 daAuts
